Unix NetHack Version 5.0.0-0 post-release - last build Jun 10 2026 00:39:30 (3ee93aec679c4c4259841fe613dc97188e26a321,branch:main).

Game began 2026-06-29 17:08:34, ended 2026-06-29 17:21:16.

HenriqueII, lawful male human Archeologist

                                                            ------
                                                            |....|      ------
                                                            .....|     #-@.++|
                                                            |....|     #|@+++|
                                                            |....|     #|.m+.|
                                                            |.<..|     #|.++?|
                                                            --.---     #|.+d+|
                                                              ######   #------
                                                                   #   ###
                                                                   #     #
                                                                   #     #
                                                                   #     #
                                                                   ###   #
                                                               ------.---#
                                                               |........|#
                                                               |........|#
                                                               |.........#
                                                               |........|
                                                               ----------

HenriqueII the Field Worker  St:25 Dx:9 Co:10 In:11 Wi:16 Ch:10  Lawful
Dlvl:3  $:1  HP:0(26) Pw:15(15) AC:1  Xp:3 T:2290  Burdened

Latest messages:
 What do you want to wield? [- aB or ?*] a
 a - a +2 bullwhip (weapon in right hand).
 "Hello, HenriqueII!  Welcome again to Inniscrone's rare books!"
 You see here an orange spellbook (for sale, 133 zorkmids).
 You see here a scroll labeled PRATYAVAYAH (for sale, 133 zorkmids).
 "For you, good sir; only 133 zorkmids for this scroll labeled PRATYAVAYAH."
 You decipher the label on Inniscrone's scroll labeled PRATYAVAYAH.
 You have a little trouble lifting J - a scroll of magic mapping (unpaid, 133 zorkmids).
 You see here a tan spellbook (for sale, 400 zorkmids).
 You see here a scroll labeled FOOBIE BLETCH (for sale, 107 zorkmids).
 "For you, honored sir; only 107 zorkmids for this scroll labeled FOOBIE BLETCH."
 You decipher the label on Inniscrone's scroll labeled FOOBIE BLETCH.
 You have a little trouble lifting K - a scroll of remove curse (unpaid, 107 zorkmids).
 What do you want to drop? [$ac-lnotB-DG-KS or ?*] K
 You drop a scroll of remove curse (unpaid, 107 zorkmids).
 You see here a tan spellbook (for sale, 400 zorkmids).
 What do you want to drop? [$ac-lnotB-DG-JS or ?*] J
 You drop a scroll of magic mapping (unpaid, 133 zorkmids).
 You see here a tan spellbook (for sale, 533 zorkmids).
 You see here a magenta spellbook (for sale, 667 zorkmids).
 You see here a cloth spellbook (for sale, 267 zorkmids).
 You see here a gray spellbook (for sale, 533 zorkmids).
 You see here a paperback book named Witches Abroad (for sale, 27 zorkmids).
 You see here a scroll of remove curse (for sale, 107 zorkmids).
 You see here a red spellbook (for sale, 889 zorkmids).
 The dog misses the small mimic.
 The dog misses the small mimic.
 The dog bites the small mimic.
 The small mimic misses the dog.
 You see here a scroll of remove curse (for sale, 107 zorkmids).
 The dog bites the small mimic.
 You see here a paperback book named Witches Abroad (for sale, 27 zorkmids).
 The dog misses the small mimic.
 The dog bites the small mimic.
 The small mimic hits the dog.
 The dog picks up a scroll of remove curse.
 You see here a gray spellbook (for sale, 533 zorkmids).
 You see here a cloth spellbook (for sale, 267 zorkmids).
 You see here a gray spellbook (for sale, 533 zorkmids).
 The dog drops a scroll of remove curse.
 You see here a cloth spellbook (for sale, 267 zorkmids).
 You see here a magenta spellbook (for sale, 667 zorkmids).
 You lash the small mimic.
 The small mimic hits!
 You do not owe Inniscrone anything.
 The small mimic hits!
 The small mimic hits!
 You die...
 Inniscrone gratefully inherits all your possessions.
 Do you want to see what you had when you died? [ynq] (y) q

Inventory:
 Coins    ('$')
  $ - a gold piece
 Weapons  (')')
  B - 6 +0 arrows
  a - a +2 bullwhip (weapon in right hand)
 Armor    ('[')
  h - an uncursed +0 elven leather helm (being worn)
  c - an uncursed +0 fedora
  g - an uncursed +0 pair of gauntlets of power (being worn)
  e - an uncursed +0 alchemy smock with text "Don't make me poison you" (being worn)
  i - an uncursed +0 banded mail (being worn)
 Comestibles  ('%')
  d - 3 uncursed food rations
  H - 2 uncursed lembas wafers
 Scrolls  ('?')
  C - a blessed scroll of identify
 Spellbooks  ('+')
  j - an uncursed spellbook of knock
 Potions  ('!')
  D - an uncursed potion of gain level
  o - 3 blessed potions of healing
  k - an uncursed potion of healing
  l - a cursed potion of object detection
  I - an uncursed potion of polymorph
 Wands    ('/')
  G - a wand of teleportation (0:5)
 Tools    ('(')
  S - an uncursed sack containing 2 items
  n - an uncursed tooled horn
  f - a tinning kit (0:89)
 Gems/Stones  ('*')
  t - an uncursed touchstone

Contents of the sack:
  a +0 dwarvish mattock
  a +0 pick-axe

HenriqueII the Archeologist's attributes:

Background:
 You were a Field Worker, a level 3 male human Archeologist.
 You were lawful, nominally on a mission for Quetzalcoatl
 who was opposed by Camaxtli (neutral) and Huhetotl (chaotic).
 You were right-handed.
 You were in the Dungeons of Doom, on level 3.
 You entered the dungeon 2290 turns ago.
 There was a full moon in effect when your adventure ended.
 You had 45 experience points, 35 more were needed to attain level 4.

Basics:
 You had 0 out of 26 hit points.
 You had all 15 energy points (spell power).
 Your armor class was 1.
 Your wallet contained 1 zorkmid.
 Autopickup was on, but temporarily disabled while inside the shop.

Final Characteristics:
 Your strength was 25 (base:18/03, innate limit:18/100).
 Your dexterity was 9 (limit:18).
 Your constitution was 10 (limit:18).
 Your intelligence was 11 (limit:18).
 Your wisdom was 16 (limit:18).
 Your charisma was 10 (limit:18).

Final Status:
 You weren't hungry.
 You were burdened; movement was slightly slowed.
 You were wielding a whip.
 You had basic skill with whip.

Final Attributes:
 You were piously aligned.
 You were poison resistant.
 You were acid resistant.
 Your items were protected from acid.
 You had automatic searching.
 You were warded.
 You were lucky.
 You are dead.

Miscellaneous:
 You didn't encounter any bones levels.
 Total elapsed playing time was 12 minutes and 39 seconds.

Major events:
 Turn
    1: HenriqueII the lawful male human Archeologist entered the dungeon
 1934: attained the rank of Field Worker (level 3)
 2290: killed by a small mimic

You didn't know any spells.

Skills:
 Fighting Skills
   bare handed combat [Unskilled]
   two weapon combat  [Unskilled]
   riding             [Unskilled]
 Weapon Skills
   dagger             [Unskilled]
   knife              [Unskilled]
   pick-axe           [Basic]
   short sword        [Unskilled]
   saber              [Unskilled]
   club               [Unskilled]
   quarterstaff       [Unskilled]
   sling              [Unskilled]
   dart               [Unskilled]
   boomerang          [Unskilled]
   whip               [Basic]
   unicorn horn       [Unskilled]
 Spellcasting Skills
   attack spells      [Unskilled]
   healing spells     [Unskilled]
   divination spells  [Unskilled]
   matter spells      [Unskilled]

Voluntary challenges:
 Character rerolling was not enabled.
 You were an atheist.
 You never genocided any monsters.
 You never polymorphed an object.
 You never changed form.
 You used no wishes.
Achievements:
 You entered a shop.
 You attained the rank of Field Worker.

 The Dungeons of Doom: levels 1 to 3
    Level 1:
       Many fountains.
    Level 2:
       An armor shop, a fountain.
    Level 3: <- You were here.
       A bookstore.
       Final resting place for
          you, killed by a small mimic.


Vanquished creatures:
  2 hobbits
  a yellow mold
  a gecko
  6 jackals
  2 foxes
  a kobold
  2 goblins
  8 sewer rats
 11 grid bugs
  3 lichens
  a kobold zombie
  6 newts
44 creatures vanquished.

No species were genocided or became extinct.

Game over:
                       ----------
                      /          \
                     /    REST    \
                    /      IN      \
                   /     PEACE      \
                  /                  \
                  |    HenriqueII    |
                  |       1 Au       |
                  |   killed by a    |
                  |   small mimic    |
                  |                  |
                  |                  |
                  |       2026       |
                 *|     *  *  *      | *
        _________)/\\_//(\/(/\)/\//\/|_)_______

Goodbye HenriqueII the Archeologist...

You died in The Dungeons of Doom on dungeon level 3 with 291 points,
and 1 piece of gold, after 2290 moves.
You were level 3 with a maximum of 26 hit points when you died.

